 Dungeon Crawl Stone Soup version 0.31-a0-744-gbc345e7fcb (webtiles) character file.

Game seed: 15360535153885730327

342 LeprechaunX the Changeling (level 6, -2/41 HPs)
             Began as an Octopode Shapeshifter on Sept 13, 2023.
             Killed from afar by a steam dragon (24 damage)
             ... with a ball of steam
             ... on level 4 of the Dungeon.
             The game lasted 00:04:45 (3229 turns).

LeprechaunX the Changeling (Octopode Shapeshifter)  Turns: 3229, Time: 00:04:46

Health: -2/41      AC:  5    Str: 15    XL:     6   Next: 57%
Magic:  7/7        EV: 13    Int: 13    God:
Gold:   142        SH:  4    Dex: 11    Spells: 4/6 levels left

rFire   . .          .
                       - Unarmed
rCold   . . .        j - +0 buckler
rNeg    . . .        (helmet currently unavailable)
rPois   .            (no amulet)
rElec   .            p - +4 ring of protection
rCorr   .            w - ring of flight
SInv    .            (no ring)
Will    .....        (no ring)
Stlth   ++           (no ring)
HPRegen 0.26/turn    (no ring)
MPRegen 0.10/turn    (no ring)
                     (no ring)

%: no passive effects
@: beast-form, flying
A: beast (slay +2), almost no armour, amphibious, 8 rings, camouflage 1,
gelatinous body 1, (nimble swimmer 1), tentacles
a: Begin Untransformation


You were on level 4 of the Dungeon.
You were a hulking beast.
You visited 1 branch of the dungeon, and saw 4 of its levels.

You collected 142 gold pieces.

Inventory:

Hand Weapons
 a - a +0 sling
Armour
 j - a +0 buckler (worn)
Jewellery
 p - a +4 ring of protection (left tentacle)
 w - a ring of flight (right tentacle)
Talismans
 b - a beast talisman (active)
 c - a flux talisman
 r - a blade talisman
Scrolls
 e - a scroll of blinking {unknown}
 f - 7 scrolls of identify {unknown}
 h - a scroll of teleportation {unknown}
 l - a scroll of noise {unknown}
 o - 3 scrolls of enchant armour {unknown}
 s - a scroll of immolation {unknown}
Potions
 d - a potion of heal wounds {unknown}
 g - a potion of might {unknown}
 i - 3 potions of lignification
 k - a potion of attraction {unknown}
 m - 2 potions of degeneration {unknown}
 n - a potion of resistance {unknown}
 q - 2 potions of curing {unknown}
 t - a potion of enlightenment {unknown}
 u - a potion of brilliance {unknown}
 v - 2 potions of cancellation {unknown}


   Skills:
 + Level 2.6 Fighting
 + Level 3.1 Dodging
 + Level 1.9 Shields
 + Level 3.8 Unarmed Combat
 + Level 0.8 Spellcasting
 + Level 1.0 Translocations
 * Level 4.4 Shapeshifting


You had 4 spell levels left.
You knew the following spells:

 Your Spells              Type           Power      Damage    Failure   Level
a - Blink                 Tloc           6%         N/A       36%         2

Your spell library contained the following spells:

 Spells                   Type           Power      Damage    Failure   Level
 Volatile Blastmotes      Fire/Tloc      2%         2d10      67%         3
 Dazzling Flash           Conj/Hex       0%         N/A       75%         3
 Manifold Assault         Tloc           3%         N/A       94%         4
 Starburst                Conj/Fire      0%         6d3       100%        6
 Maxwell's Capacitive Co  Air            0%         ∞         100%        8


Dungeon Overview and Level Annotations

Branches:
Dungeon (4/15)
 Temple: D:4-7

Altars:


Innate Abilities, Weirdness & Mutations

You are a hulking beast.
Your limbs bulge with bestial killing power. (Slay +2)
You cannot wear most types of armour.
You are amphibious.
You can wear up to eight rings at the same time.
Your skin changes colour to match your surroundings (Stealth+).
Your rubbery body absorbs attacks. (AC +1, EV +1)
((You are camouflaged when in or above water. (Stealth+)))
You have tentacles for arms and can constrict up to eight enemies at once.


Message History

You reach down and open the door.
There is an open door here.
There is an open door here.
A steam dragon is nearby!
A steam dragon is nearby!
A steam dragon is nearby!
A steam dragon is nearby!
You start waiting.
A steam dragon is nearby!
Found a buckler.
Found a scroll labelled RAMETO OCIO.
You see here a +0 buckler.
A steam dragon is nearby!
A steam dragon is nearby!
The steam dragon hisses angrily.
You start waiting.
A steam dragon is nearby!
The steam dragon breathes steam at you. The ball of steam hits you!
You barely miss the steam dragon. Your squeeze misses the steam dragon.
You are engulfed in a cloud of scalding steam.
The steam dragon closely misses you. The steam dragon claws you.
You tentacle-slap the steam dragon but do no damage.
You tentacle-slap the steam dragon.
The steam dragon is lightly wounded.
You are engulfed in a cloud of scalding steam.
The steam dragon closely misses you. The steam dragon completely misses you.
You tentacle-slap the steam dragon but do no damage.
The steam dragon is lightly wounded.
The steam dragon closely misses you. You block the steam dragon's attack.
You barely miss the steam dragon.
The steam dragon is lightly wounded.
The steam dragon bites you. The steam dragon claws you.
You tentacle-slap the steam dragon but do no damage.
You squeeze the steam dragon.
The steam dragon is moderately wounded.
The steam dragon breathes steam at you. The ball of steam hits you!!
Ouch! That really hurt!
You die...

#.............# #.>..
####.#########.#.# #....
#........... #.#.# ###'#
##.#.##.####.#.#.######.#
#..#.........#.#.#......#
##.###..######.#.#......#
#.# #.......#.#.#.....)#
#.# #.D####.#.#.#......#
#.# #[.h..#.# #.#......#
#.####.#....# #.###.....
#......#.##?# #.###.....
########## # #...'.....
#.###..... #.#
########....> #.#
#......'..... #.#
#.######..... #.#
#...........#


You could see a steam dragon (catching breath).

Vanquished Creatures
  An ogre (D:4)
  An orc priest (D:3)
  An iguana (D:4)
  An orc wizard (D:3)
  Robin (D:3)
  2 adders
  A worm (D:3)
  2 dart slugs
  13 orcs
  5 bats
  9 endoplasms
  3 giant cockroaches
  13 goblins
  10 hobgoblins
  19 jackals
  2 quokkas
  14 ball pythons
  4 frilled lizards
  11 kobolds
  5 rats
118 creatures vanquished.

Vanquished Creatures (others)
  An iguana (D:4)
  An endoplasm (D:4)
2 creatures vanquished.

Grand Total: 120 creatures vanquished

Notes
Turn   | Place    | Note
-------+----------+-------------------------------------------
     0 | D:1      | LeprechaunX the Octopode Shapeshifter began the quest for
                  | the Orb.
     0 | D:1      | Reached XP level 1. HP: 13/13 MP: 1/1
   237 | D:1      | Reached XP level 2. HP: 18/18 MP: 2/2
   687 | D:1      | Reached XP level 3. HP: 23/23 MP: 3/3
  1074 | D:2      | You fall into a shaft and drop 1 floor!
  1511 | D:2      | Reached XP level 4. HP: 20/29 MP: 4/4
  1808 | D:3      | Reached skill level 1 in Shields
  1936 | D:3      | Reached XP level 5. HP: 34/34 MP: 5/5
  1942 | D:3      | Reached skill level 4 in Shapeshifting
  2012 | D:3      | Noticed Robin
  2035 | D:3      | Killed Robin
  2431 | D:3      | Identified the +9 plate armour of the Red God {rElec Str+2}
  2435 | D:3      | Learned a level 2 spell: Blink
  2503 | D:4      | Noticed an ogre
  2504 | D:4      | Noticed a steam dragon
  2878 | D:4      | Reached XP level 6. HP: 38/41 MP: 6/6
  3040 | D:4      | Reached skill level 1 in Translocations
  3229 | D:4      | Killed from afar by a steam dragon

Illustrated notes

Levels and vault maps discovered:
D:1:      dpeg_cavernosity, layout_loops_corners
D:2:      layout_loops_ring
D:3:      layout_basic, uniq_robin
D:4:      layout_basic, minmay_circle_x

Skill      XL: |  1  2  3  4  5  6 |
---------------+-------------------+-----
Shields        | 1 |  1.9
Fighting       | 2 |  2.6
Shapeshifting  | 4 |  4.4
Dodging        | 3 |  3.1
Translocations | 1 |  1.0
Unarmed Combat | |  3.8
Spellcasting   | |  0.8

Action                     |  1- 3 |  4- 6 || total
---------------------------+-------+-------++-------
  Melee: Unarmed           |    81 |   127 ||   208
         Constrict         |    20 |    40 ||    60
         Tentacles         |    11 |    33 ||    44
         Punch             |     1 |     6 ||     7
   Fire: Sling             |       |     4 ||     4
   Stab: Sleeping          |    11 |     6 ||    17
 Armour: Skin              |    28 |    60 ||    88
  Dodge: Dodged            |    42 |    69 ||   111
  Block: Buckler           |     6 |    21 ||    27

Table legend: (Time is in decaauts)
 A = Elapsed time spent in this place.
 B = Non-inter-level travel time spent in this place.
 C = Inter-level travel time spent in this place.
 D = Time resting spent in this place.
 E = Time spent auto-exploring this place.
 F = Levels seen in this place.
 G = Mean time per level.
                   A        B        C        D        E       F      G
               +--------+--------+--------+--------+--------+-----+--------+
         Total |   3222 |   3119 |    103 |     59 |   2395 |   4 |  805.5 |
       Dungeon |   3222 |   3119 |    103 |     59 |   2395 |   4 |  805.5 |
               +--------+--------+--------+--------+--------+-----+--------+

Top non-repeatable levels by time:
     D:1: 1068 daAuts
     D:4: 754 daAuts
     D:3: 734 daAuts
     D:2: 664 daAuts
